 Dungeon Crawl Stone Soup version 0.22-a0-278-g8f80174 (webtiles) character file.

707 varam the Chiller (level 7, -4/49 HPs)
             Began as a Merfolk Ice Elementalist on Mar 15, 2018.
             Was an Initiate of Gozag.
             Slain by Vesto's ghost (15 damage)
             ... on level 5 of the Dungeon.
             The game lasted 00:21:54 (5258 turns).

varam the Chiller (Merfolk Ice Elementalist)        Turns: 5258, Time: 00:21:55

Health: -4/49      AC:  2    Str: 15      XL:     7   Next: 67%
Magic:  11/11      EV: 14    Int: 15      God:    Gozag
Gold:   466        SH:  3    Dex: 13 (14) Spells: 2/12 levels left

rFire    . . .     SeeInvis .   y - +0 falchion
rCold    . . .     Gourm    .   (no shield)
rNeg     . . .     Faith    .   a - +0 robe
rPois    .         Spirit   .   (no helmet)
rElec    .         Reflect  +   (no cloak)
rCorr    .         Harm     .   (no gloves)
MR       .....                  (no boots)
Stlth    ++........             d - +3 amulet of reflection
HPRegen  0.16/turn              o - +5 ring of strength
MPRegen  0.12/turn              (no ring)

@: no status effects
A: change form in water, swift swim, stealthy swim
a: Potion Petition, Call Merchant, Bribe Branch, Renounce Religion


You were on level 5 of the Dungeon.
You worshipped Gozag.
Gozag was aware of your devotion.
You were not hungry.

You visited 1 branch of the dungeon, and saw 5 of its levels.

You collected 488 gold pieces.
You paid 22 gold pieces to Gozag.

Inventory:

Hand Weapons
 h - a +0 short sword
 y - a +0 falchion (weapon)
Armour
 a - a +0 robe (worn)
 g - a +2 shield
Jewellery
 d - a +3 amulet of reflection (around neck)
 o - a +5 ring of strength (left hand)
 v - an uncursed ring of see invisible {unknown}
Wands
 s - a wand of enslavement (17)
 w - a wand of clouds (4)
Scrolls
 f - a scroll of identify
 i - a scroll of remove curse
 l - a scroll of magic mapping {unknown}
 n - 2 scrolls of amnesia
 t - a scroll of enchant armour {unknown}
 u - a scroll of blinking {unknown}
Potions
 x - a potion of might
Comestibles
 c - 4 rations


   Skills:
 - Level 1.9 Fighting
 - Level 2.0(3.0) Short Blades
 * Level 2.9(3.2) Long Blades
 - Level 3.8 Dodging
 - Level 2.1 Stealth
 - Level 3.2 Spellcasting
 - Level 0.7 Conjurations
 * Level 2.7 Summonings
 * Level 6.5 Ice Magic


You had 2 spell levels left.
You knew the following spells:

 Your Spells              Type           Power        Failure   Level  Hunger
a - Freeze                Ice            ###.         1%          1    #......
b - Throw Frost           Conj/Ice       ##....       7%          2    ##.....
c - Ozocubu's Armour      Chrm/Ice       ##......     16%         3    ###....
d - Summon Ice Beast      Ice/Summ       ###.....     28%         4    #####..


Dungeon Overview and Level Annotations

Branches:
Dungeon (5/15)
 Temple: D:4-7

Altars:
Gozag
Qazlal
Trog

Annotations:
D:3 2 transporters, Terence
D:4 Vesto's ghost, amateur GrFi
D:5 Blork the orc; Eustachio; Vesto's ghost, novice GrFi


Message History

Eustachio shouts!
Eustachio hits you with a rapier!
* * * LOW HITPOINT WARNING * * *
Eustachio mumbles some strange words.
Eustachio blinks!
Eustachio gestures wildly while chanting.
Eustachio blinks!
Eustachio mumbles some strange words.
Eustachio gestures wildly while chanting.
Eustachio blinks!
Eustachio gestures wildly while chanting.
You see here a scroll of enchant weapon.
The crimson imp blinks!
The crimson imp blinks!
You see here an arrow.
Blork the orc shouts!
There is a stone staircase leading up here.
Vesto's ghost hits you!
You die...
Your body crumbles into a pile of gold.

.. #....... .#.
##......# ....
.......#
##..##o.....#
#. ...(.....#
#.###.......#
#...........#
#..#........#
####
#>W@.######
...#### #.##.#
##..5.# ##.##.#
####?## #..##.#
#..# #.###)#
##.## ##.#
#)###
######..####5.#
#...######
...$.$#.##...##
##........
#####.(.(..###
#........


You could see Blork the orc and Vesto's ghost.

Vanquished Creatures
  A centaur (D:5)
  The ghost of varam the Chucker, a weakling TrHu (D:3)
  3 scorpions (D:5)
  A bullfrog zombie (D:5)
  A hound (D:4)
  2 orc priests (D:3)
  3 orc wizards
  Jessica (D:3)
  A worker ant (D:4)
  A worker ant zombie (D:4)
  7 adders
  An adder skeleton (D:4)
  3 worms
  2 dart slugs (D:1)
  2 leopard geckos (D:1)
  9 orcs
  9 bats
  5 giant cockroaches
  4 hobgoblins
  10 jackals
  4 quokkas
  4 frilled lizards
  10 goblins
  3 kobolds
  7 rats
95 creatures vanquished.

Notes
Turn   | Place    | Note
-------+----------+-------------------------------------------
     0 | D:1      | varam the Merfolk Ice Elementalist began the quest for the Orb.
     0 | D:1      | Reached XP level 1. HP: 13/13 MP: 3/3
   119 | D:1      | Reached XP level 2. HP: 12/20 MP: 0/5
   173 | D:2      | HP: 2/20 [goblin/club (4)]
   395 | D:2      | Reached skill level 3 in Dodging
   437 | D:2      | Learned a level 2 spell: Throw Frost
   723 | D:2      | Noticed an ogre
   732 | D:2      | Reached skill level 1 in Fighting
   732 | D:2      | Reached XP level 3. HP: 18/26 MP: 1/6
   944 | D:2      | Reached skill level 4 in Ice Magic
  1134 | D:1      | Reached XP level 4. HP: 8/32 MP: 0/7
  1872 | D:2      | Found an opulent altar of Gozag.
  2012 | D:2      | Became a worshipper of Gozag Ym Sagoz the Greedy
  2205 | D:2      | Found a stormy altar of Qazlal.
  2300 | D:3      | Found a transporter.
  2307 | D:3      | Found a transporter.
  2355 | D:3      | Noticed varam's ghost (weakling TrHu)
  2388 | D:3      | Noticed Jessica
  2390 | D:3      | Reached XP level 5. HP: 34/38 MP: 5/8
  2751 | D:4      | Learned a level 3 spell: Ozocubu's Armour
  2753 | D:4      | Noticed Vesto's ghost (amateur GrFi)
  2848 | D:3      | Killed Jessica
  2900 | D:3      | Reached skill level 1 in Short Blades
  2900 | D:3      | Reached skill level 5 in Ice Magic
  2903 | D:3      | Killed varam's ghost
  2903 | D:3      | Reached skill level 3 in Spellcasting
  3185 | D:3      | Found a bloodstained altar of Trog.
  3193 | D:3      | Reached XP level 6. HP: 44/44 MP: 7/10
  3206 | D:3      | Learned a level 4 spell: Summon Ice Beast
  3413 | D:3      | Reached skill level 2 in Short Blades
  3543 | D:3      | Noticed Terence
  3935 | D:4      | Reached skill level 1 in Long Blades
  3935 | D:4      | Reached skill level 1 in Summonings
  4393 | D:5      | Entered Level 5 of the Dungeon
  4452 | D:5      | Noticed Blork the orc
  4711 | D:5      | Reached skill level 6 in Ice Magic
  4711 | D:5      | Reached XP level 7. HP: 49/49 MP: 7/11
  4755 | D:5      | Reached skill level 2 in Long Blades
  4755 | D:5      | Reached skill level 2 in Summonings
  5035 | D:5      | Noticed Eustachio
  5086 | D:5      | HP: 7/73 [ufetubus[Eustachio] (1)]
  5089 | D:5      | HP: 3/49 [ufetubus[Eustachio] (2)]
  5091 | D:5      | Noticed Vesto's ghost (novice GrFi)
  5258 | D:5      | Slain by Vesto's ghost

Vault maps used:
D:1:      dpeg_arrival_court, serial_glass, glass_columns_a, glass_columns_a,
          minmay_strange_pillars, feat_on_display, minmay_strange_pillars
D:2:      nicolae_overflow_crystal_walls, grunt_gozag_statues
D:3:      gammafunk_steamed_eel, minitemple, bloody_trog, uniq_jessica,
          uniq_terence
D:4:      first_ration
D:5:      lemuel_crystal_altar, grunt_temple_overflow_open, uniq_eustachio,
          uniq_blork_the_orc

Skill      XL: |  1  2  3  4  5  6  7 |
---------------+----------------------+-----
Dodging        | 3 |  3.8
Fighting       | 1 |  1.9
Ice Magic      | 4 5 6 |  6.5
Short Blades   | 1 2 |  2.0
Spellcasting   | 3 |  3.2
Long Blades    | 1 2 |  2.9
Summonings     | 1 2 |  2.7
Stealth        | |  2.1
Conjurations   | |  0.7

Action                   |  1- 3 |  4- 6 |  7- 9 || total
-------------------------+-------+-------+-------++-------
Melee: Club              |     4 |     6 |       ||    10
       Long sword        |       |    88 |    18 ||   106
       Short sword       |       |    17 |       ||    17
       Falchion          |       |       |    45 ||    45
 Cast: Freeze            |    52 |    73 |    17 ||   142
       Throw Frost       |     2 |       |       ||     2
       Ozocubu's Armour  |       |     1 |     2 ||     3
Evoke: Wand              |       |     5 |     4 ||     9
  Use: Scroll            |     5 |     4 |     2 ||    11
       Potion            |       |       |     5 ||     5
 Stab: Sleeping          |       |     3 |       ||     3
       Distracted        |       |       |     1 ||     1
  Eat: Chunk             |     1 |     5 |       ||     6
       Ration            |       |     2 |     1 ||     3
Armor: Robe              |    14 |    32 |    11 ||    57
       Skin              |       |       |    67 ||    67
Dodge: Dodged            |    66 |   111 |    52 ||   229
Block: Other             |     8 |    25 |    16 ||    49
       Rpst.: Long sword |       |    29 |     6 ||    35
       Falchion          |       |       |     9 ||     9

Table legend:
 A = Spawn XP
 B = Non-spawn XP
 C = Spawn XP percentage of total XP
 D = Spawn monster count
 E = Non-spawn monster count
 F = Spawn count percentage of total count
 G = Total turns spent on level
                    A         B        C        D         E        F      G
               +---------+---------+-------+---------+---------+-------+---------
         Total |       0 |    1010 |   0.0 |       0 |      95 |   0.0 |  5258
               +---------+---------+-------+---------+---------+-------+---------
           D:1 |       0 |      45 |   0.0 |       0 |      24 |   0.0 |   994
           D:2 |       0 |     105 |   0.0 |       0 |      26 |   0.0 |  1306
           D:3 |       0 |     271 |   0.0 |       0 |      25 |   0.0 |   819
           D:4 |       0 |     144 |   0.0 |       0 |      12 |   0.0 |  1532
           D:5 |       0 |     445 |   0.0 |       0 |       8 |   0.0 |   607
               +---------+---------+-------+---------+---------+-------+---------
